Map: Junção Kairos LE

Players

szpebl - Winner!

  • Race: Zerg Zerg
  • League: Platinum
  • Spawn Location: 11:00

Vicster

  • Race: Terran Terran
  • League: Gold
  • Spawn Location: 5:00

VOD

Have the link to the VOD?

Description

Time

  • Played on: Jan. 5, 2019, 1 p.m.
  • Length: 10:49
Show
View Real Time Build Order
Export as new Build Order

szpebl Zerg - Winner!

Build Orders: Hatch First 

Get SALT Encoding   

  12  0:01  Drone  
  13  0:08  Drone  
  14  0:17  Extractor, Drone  
  15  0:43  Hatchery  
  14  0:54  Spawning Pool  
  14  0:56  Drone  
  14  1:01  Extractor  
  14  1:03  Drone  
  14  1:11  Overlord  
  14  1:32  Drone x3  
  17  1:41  Queen  
  19  1:52  Zergling x2  
  20  1:58  Queen  
  22  2:04  Zergling x4  
  24  2:09  Drone x2  
  26  2:21  Zergling x4  
  28  2:37  Overlord x2  
  28  2:38  Overlord  
  28  2:47  Metabolic Boost  
  28  2:58  Zergling x12  
  33  3:48  Lair  
  33  3:54  Zergling x12  
  33  3:55  Zergling x6  
  42  4:04  Spore Crawler  
  42  4:05  Hatchery  
  40  4:12  Drone x3  
  43  4:37  Pneumatized Carapace  
  43  4:56  Hydralisk Den  
  42  5:00  Extractor  
  42  5:01  Drone  
  42  5:02  Drone x2  
  44  5:11  Extractor  
  44  5:12  Drone x3  
  44  5:13  Drone  
  49  5:14  Drone x4  
  49  5:15  Overlord x2  
  51  5:38  Hydralisk  
  51  5:39  Hydralisk x2  
  57  5:46  Queen, Extractor  
  57  5:49  Drone  
  59  5:50  Drone  
  59  5:52  Drone  
  53  6:43  Hydralisk x9  
  71  6:53  Drone x2  
  73  6:54  Overlord  
  73  7:06  Baneling Nest  
  72  7:17  Drone x8  
  72  7:22  Overlord  
  80  7:25  Overseer  
  80  7:35  Overlord  
  80  7:36  Overlord  
  80  7:39  Muscular Augments  
  80  7:52  Centrifical Hooks  
  80  7:54  Zergling x2  
  80  7:55  Zergling x10  
  62  8:24  Hydralisk  
  62  8:25  Hydralisk x7  
  63  8:38  Zergling x12  
  63  8:39  Zergling x2  
  68  9:14  Zergling x2  
  68  9:15  Zergling x20  
  79  9:29  Hydralisk x4  
  87  9:40  Baneling x3  
  87  9:41  Baneling x5  
  87  9:42  Baneling x3  
  87  9:56  Lurker Den  
  86  10:00  Queen  
  86  10:04  Extractor  
Show
View Real Time Build Order
Export as new Build Order

Vicster Terran 

Build Orders: Reaper Expand 

Get SALT Encoding   

  12  0:01  SCV  
  13  0:13  SCV  
  14  0:17  Supply Depot  
  14  0:25  SCV  
  15  0:39  SCV  
  15  0:41  Barracks  
  16  0:51  SCV  
  16  0:52  Refinery  
  17  1:03  SCV  
  18  1:15  SCV  
  19  1:30  Orbital Command  
  19  1:35  Reaper  
  20  1:44  Supply Depot  
  20  2:29  Barracks Reactor  
  19  2:30  Factory  
  18  2:42  Command Center  
  18  2:52  SCV, Bunker  
  18  2:54  Refinery  
  19  3:05  Barracks x2  
  19  3:06  SCV  
  20  3:18  Marine x2, Factory Reactor  
  20  3:36  Marine x2  
  22  3:50  Command Center  
  22  3:53  Marine  
  22  3:54  Marine  
  24  3:56  Supply Depot  
  24  3:57  Barracks Tech Lab  
  24  3:58  Barracks Tech Lab  
  24  4:00  Supply Depot  
  24  4:03  SCV  
  25  4:11  Marine x2  
  25  4:15  SCV  
  28  4:23  Supply Depot  
  28  4:27  SCV  
  28  4:29  Marine x2, Stimpack  
  31  4:32  Combat Shield  
  31  4:39  Marine x2  
  31  4:43  SCV  
  34  4:47  Marine x2  
  36  4:56  Marine  
  37  5:02  SCV  
  37  5:05  Marine, Starport  
  39  5:07  Supply Depot  
  39  5:16  Orbital Command  
  39  5:22  Widow Mine  
  39  5:26  Marine  
  42  5:28  SCV  
  42  5:34  Orbital Command  
  43  5:35  Supply Depot  
  43  5:41  SCV  
  44  6:04  Widow Mine  
  44  6:07  Marauder  
  44  6:08  Marine x2, Marauder  
  44  6:10  Medivac  
  54  6:14  SCV  
  55  6:22  Supply Depot  
  55  6:26  Marine  
  55  6:29  Marauder  
  49  6:44  Medivac  
  51  6:55  SCV  
  52  7:07  SCV  
  53  7:19  SCV  
  54  7:26  SCV  
  55  7:32  SCV  
  58  7:37  Marine x2  
  58  7:39  SCV  
  58  7:41  Starport Reactor  
  58  7:44  SCV  
  60  7:51  SCV  
  61  7:56  SCV  
  28  9:00  Medivac  
  30  9:02  Marine  
  30  9:03  Marine x3  
  30  9:06  Widow Mine x2  
  38  9:14  Barracks  
  38  9:20  Marine, Refinery x2  
  38  9:21  Command Center  
  39  9:34  Engineering Bay  
  39  9:37  Engineering Bay  
  39  9:39  SCV x2  
  41  9:51  SCV x2  
  43  9:53  Marine x2  
  43  9:54  Widow Mine x2  
  43  9:55  Marauder x2  
  53  10:03  SCV x2  
  55  10:15  SCV x2, Hellion  
  59  10:27  SCV x2  
  61  10:30  Missile Turret  
Tags
 
Add a new tag
Caveats
  • Supply blocks, unpowered buildings, or Contaminate may cause inaccurate times.
  • Supply counts are checked every 10 seconds.